 Dungeon Crawl Stone Soup version 0.27.1-34-g3ba077fa99 (webtiles) character file.

Game seed: 664385704585107770

3752 cbfl8 the Protected (level 9, -34/111 (117) HPs)
             Began as a Minotaur Delver on Jan 24, 2022.
             Was a Follower of Yredelemnul.
             Killed by an exploding howler monkey (35 damage)
             ... ignited by their inner flame
             ... on level 9 of the Dungeon.
             The game lasted 00:20:20 (8730 turns).

cbfl8 the Protected (Minotaur Delver)               Turns: 8730, Time: 00:20:21

HP:   -34/111 (117) AC: 24    Str: 19    XL:     9   Next: 93%
MP:   8/8           EV:  2    Int:  8    God:    Yredelemnul [*.....]
Gold: 283           SH:  4    Dex: 12    Spells: 7/8 levels left

rFire    . . .     SeeInvis .   d - +3 trident
rCold    . . .     Faith    .   m - +0 buckler
rNeg     + + +     Spirit   .   (armour currently unavailable)
rPois    +         Reflect  .   (helmet currently unavailable)
rElec    .         Harm     .   (cloak currently unavailable)
rCorr    .         Rampage  .   (gloves currently unavailable)
Will     .....     NoTele   +   (boots currently unavailable)
Stlth    +++.......             p - amulet of the acrobat
HPRegen  0.28/turn              h - +4 ring of evasion
MPRegen  0.11/turn              (no ring)

@: tree-form, attractive, very slightly contaminated, drained
A: stationary, stasis, torment immunity, boosted hp, (horns 2), (retaliatory
headbutt)
a: Renounce Religion, Animate Remains


You were on level 9 of the Dungeon.
You worshipped Yredelemnul.
Yredelemnul was aware of your devotion.
You were a tree.
You visited 2 branches of the dungeon, and saw 10 of its levels.

You collected 283 gold pieces.

Inventory:

Hand Weapons
 a - a +0 hand axe
 d - a +3 trident (weapon)
 t - a +0 dagger of venom
 v - a +1 scimitar of draining
 E - a +0 shortbow
 I - a +0 shortbow
Missiles
 k - 16 bolts
 l - 37 poisoned darts
 o - 157 stones (quivered)
 q - a throwing net
 B - 66 arrows
 H - 25 sling bullets
Armour
 b - a +0 leather armour
 e - a +0 cloak (melded)
 f - a +2 robe of fire resistance
 m - a +0 buckler (worn)
 s - a +1 scale mail (melded)
 F - the +1 leather armour of Hide-and-Seek {-Tele +Inv rPois Dex-5 SInv}
   (You took it off an orc on level 7 of the Dungeon)

   Dex:       It affects your dexterity (-5).
   rPois:     It protects you from poison.
   SInv:      It lets you see invisible.
   +Inv:      It lets you turn invisible.
   -Tele:     It prevents most forms of teleportation.
Magical Staves
 i - a staff of cold
Jewellery
 h - a +4 ring of evasion (left branch)
 p - an amulet of the acrobat (around neck)
Wands
 g - a wand of digging (3)
Scrolls
 c - a scroll of enchant armour
 j - a scroll of magic mapping
 r - a scroll of immolation
 x - 3 scrolls of identify
 y - 2 scrolls of teleportation
 z - 2 scrolls of noise
Potions
 n - 2 potions of flight
 G - a potion of attraction


   Skills:
 + Level 6.8 Fighting
 + Level 3.8 Short Blades
 + Level 4.5(6.8) Axes
 + Level 8.0(8.6) Polearms
 + Level 8.8 Armour
 + Level 5.8 Dodging
 + Level 5.8 Stealth
 + Level 2.8 Shields
 + Level 1.1 Invocations


You had 7 spell levels left.
You knew the following spells:

 Your Spells              Type           Power      Damage    Failure   Level
a - Sting                 Tmut/Pois      0%         1d3       45%         1

Your spell library contained the following spells:

 Spells                   Type           Power      Damage    Failure   Level
 Ensorcelled Hibernation  Hex/Ice        0%         N/A       58%         2
 Poisonous Vapours        Pois/Air       0%         N/A       58%         2
 Spider Form              Tmut/Pois      0%         N/A       83%         3
 Olgreb's Toxic Radiance  Pois           0%         N/A       99%         4
 Shadow Creatures         Summ           N/A        N/A       100%        6


Dungeon Overview and Level Annotations

Branches:
Dungeon (9/15)             Temple (1/1) D:5
   Lair: D:8-11         Orc: D:9-12

Altars:
Ashenzari
Cheibriados
Dithmenos
Elyvilon
Fedhas
Gozag
Hepliaklqana
Kikubaaqudgha
Makhleb
Nemelex Xobeh
Okawaru
Qazlal
Ru
Sif Muna
Trog
Uskayaw
Vehumet
Wu Jian
Xom
Yredelemnul
Zin


Innate Abilities, Weirdness & Mutations

You are a tree.
Your roots penetrate the ground, keeping you stationary.
You cannot be teleported.
You are immune to unholy pain and torment.
Your maximum health is greatly increased.
Your equipment is partially melded.
((You have a pair of horns on your head.))
((You reflexively headbutt those who attack you in melee.))


Message History

As you read the scroll labelled GOSYFO FAONT, it crumbles to dust.
You hear a loud clanging noise!
It was a scroll of noise.
You flicker back into view.
You hear an angry buzzing noise.
You hear an angry hiss.
The wight completely misses you. The howler monkey barely misses you.
The shadow hits you. The cyan ugly thing barely misses you.
As you read the scroll labelled ROSOHAEGOXT, it crumbles to dust.
You cannot blink because you are held in place by your roots.
It was a scroll of blinking.
The wight hits you but does no damage.
The howler monkey hoots and howls with incredible vigour!
The shadow hits you. You block the cyan ugly thing's attack.
You hear an angry buzzing noise.
You hear two shouts!
As you read the scroll labelled DISSIA LUCZA, it crumbles to dust.
It is a scroll of enchant weapon.
Your +2 trident glows red for a moment.
The wight hits you but does no damage. The shadow hits you.
The cyan ugly thing kicks you but does no damage.
You hit the howler monkey.
Flame seeps out of the howler monkey.
The howler monkey is lightly wounded.
The howler monkey is engulfed in blazing flames.
Flame seeps out of the howler monkey.
The howler monkey hoots and howls with incredible vigour!
The howler monkey hits you but does no damage.
A hornet comes into view.
The wight hits you with a +3 mace!
* * * LOW HITPOINT WARNING * * *
The shadow hits you.
The cyan ugly thing kicks you but does no damage.
The howler monkey is engulfed in blazing flames.
Yredelemnul accepts your kill.
The howler monkey explodes!
The fiery explosion engulfs the cyan ugly thing!
Flame seeps out of the cyan ugly thing.
The cyan ugly thing is moderately wounded.
The fiery explosion engulfs the howler monkey!!!
Yredelemnul accepts your kill. The fiery explosion engulfs you!!
You die...
Your body rises from the dead as a mindless zombie.

.. ... #....
.#.##[####..#
........##..#
.#.##...##..#
........##..###..#
..................
....##.#.##..#.....
....##.#zW.........
.......u♣§.........
.###....○§.....##.#
.y.....§§§.....# .#
.###...........#
#...........#
#.####....[.# #.
#......# #.
#......#


You could see a cyan ugly thing (inner flame), a hornet, a shadow (inner flame)
and a wight (inner flame).

Vanquished Creatures
  Grinder (D:6)
  A steam dragon (D:8)
  2 water moccasins
  2 ice beasts
  2 black bears
  A centaur (D:8)
  An ogre (D:5)
  6 necrophages
  2 bullfrogs
  A wyvern zombie (D:7)
  4 scorpions
  A wyvern skeleton (D:6)
  5 killer bees (D:8)
  5 wights
  2 howler monkeys (D:9)
  2 bullfrog zombies (D:5)
  2 centaur zombies
  2 jellies (D:5)
  2 bullfrog skeletons
  6 hounds
  A human zombie (D:5)
  An orc priest (D:7)
  A gnoll shaman (D:5)
  5 iguanas
  A scorpion zombie (D:5)
  7 orc wizards
  A killer bee zombie (D:5)
  A mummy (D:5)
  5 gnolls
  3 river rats (D:4)
  5 adders
  A white imp (D:7)
  2 ufetubi
  An adder skeleton (D:4)
  An adder zombie (D:5)
  5 worms (D:4)
  A dart slug (D:1)
  17 orcs
  5 bats
  10 endoplasms
  4 giant cockroaches
  7 goblins
  4 hobgoblins
  8 jackals
  11 kobolds
  5 quokkas
  7 ball pythons
  2 frilled lizards
  12 rats
  A spectral kobold (D:4)
185 creatures vanquished.

Vanquished Creatures (collateral kills)
  A centaur (D:7)
  A kobold brigand (D:7)
  An orc priest (D:7)
3 creatures vanquished.

Vanquished Creatures (others)
  A bullfrog zombie (D:7)
  A centaur skeleton (D:8)
  An orc zombie (D:7)
  2 plants (D:9)
5 creatures vanquished.

Grand Total: 193 creatures vanquished

Notes
Turn   | Place    | Note
-------+----------+-------------------------------------------
     0 | D:5      | cbfl8 the Minotaur Delver began the quest for the Orb.
     0 | D:5      | Reached XP level 1. HP: 19/19 MP: 0/0
    25 | D:5      | Noticed an orc wizard
    38 | D:5      | Noticed a hound
    46 | D:5      | Killed a hound
    47 | D:5      | Reached XP level 2. HP: 8/27 MP: 1/1
    47 | D:5      | Reached XP level 3. HP: 10/33 MP: 2/2
   768 | D:1      | Found a faded altar of an unknown god.
   779 | D:1      | Reached skill level 1 in Armour
  1087 | D:1      | Reached XP level 4. HP: 40/40 MP: 3/3
  2012 | D:2      | Reached skill level 5 in Stealth
  2601 | D:3      | Reached XP level 5. HP: 46/46 MP: 4/4
  3100 | D:4      | Found a broken altar of Ashenzari.
  3144 | D:4      | Reached XP level 6. HP: 16/53 MP: 5/5
  3230 | D:4      | Reached skill level 1 in Short Blades
  3995 | D:4      | Found an ancient bone altar of Kikubaaqudgha.
  4008 | D:4      | Found a shimmering blue altar of Sif Muna.
  4152 | D:4      | Found a radiant altar of Vehumet.
  4175 | D:4      | Found a hazy altar of Hepliaklqana.
  4421 | D:5      | Found a basalt altar of Yredelemnul.
  4453 | D:5      | Reached skill level 5 in Fighting
  4453 | D:5      | Reached XP level 7. HP: 26/61 MP: 6/6
  4998 | D:5      | Reached skill level 5 in Armour
  5029 | D:5      | Reached XP level 8. HP: 59/68 MP: 7/7
  5037 | D:5      | Became a worshipper of Yredelemnul the Dark
  5083 | D:5      | Reached skill level 1 in Polearms
  5261 | D:5      | Found a staircase to the Ecumenical Temple.
  5319 | Temple   | Entered the Ecumenical Temple
  5919 | D:5      | Reached skill level 5 in Dodging
  6087 | D:6      | Noticed Grinder
  6097 | D:6      | Killed Grinder
  6098 | D:6      | Reached skill level 5 in Polearms
  6193 | D:6      | Reached XP level 9. HP: 66/75 MP: 8/8
  6237 | D:6      | Reached * piety under Yredelemnul
  6319 | D:6      | Reached skill level 1 in Shields
  6823 | D:7      | Found a blossoming altar of Fedhas.
  7300 | D:7      | Identified the +1 leather armour of Hide-and-Seek {-Tele
                  | +Inv rPois Dex-5 SInv}
  7823 | D:7      | Learned a level 1 spell: Sting
  8300 | D:8      | Reached skill level 1 in Invocations
  8682 | D:9      | Noticed a cyan ugly thing
  8730 | D:9      | HP: 1/111 [wight (8)]
  8730 | D:9      | Killed by an exploding howler monkey... ignited by their
                  | inner flame

Illustrated notes

Levels and vault maps discovered:
D:1:      saegor_arrival_simple_b, layout_rooms,
          hellmonk_ecumenical_altar_dog_temple, minmay_tree_intersection,
          minivault_11
D:2:      layout_loops_ring
D:3:      layout_basic
D:4:      layout_cave_pools, palyth_temple_overflow_mages,
          overflow_temple_1_default, nicolae_hepliaklqana_monster_ancestors,
          lightli_sewer_entry_pipes
D:5:      layout_rooms, lemuel_mausoleum_altar_yredelemnul, temple_pool_b,
          minmay_holes, kennysheep_generic_room_11
D:6:      layout_cave_pools, uniq_grinder
D:7:      minmay_evil_eye, layout_loops_ring, fedhas_altar_2,
          amcnicky_mini_pool_small
D:8:      layout_rooms, special_room [special_room_orc],
          ebering_ghost_reflecting_pool
D:9:      layout_basic, tso_oasis_becter
Temple:   eino_temple_lava

Skill      XL: |  1  2  3  4  5  6  7  8  9 |
---------------+----------------------------+-----
Fighting       | 4 5 6 |  6.8
Armour         | 1 2 3 5 7 8 |  8.8
Axes           | 3 4 |  4.5
Stealth        | 5 |  5.8
Dodging        | 3 4 5 |  5.8
Short Blades   | 2 3 |  3.8
Polearms       | 5 8 |  8.0
Shields        | 2 |  2.8
Invocations    | 1 |  1.1

Action                   |  1- 3 |  4- 6 |  7- 9 || total
-------------------------+-------+-------+-------++-------
Melee: Hand axe          |    49 |    60 |       ||   109
       Headbutt          |    10 |    32 |    68 ||   110
       Dagger            |       |   124 |    63 ||   187
       Trident           |       |       |   270 ||   270
Invok: Animate Remains   |       |       |     6 ||     6
  Use: Scroll            |     1 |     3 |     8 ||    12
       Potion            |       |     1 |    10 ||    11
 Stab: Sleeping          |     3 |     9 |       ||    12
       Invisible         |       |       |     3 ||     3
Armor: Leather armour    |    14 |    13 |       ||    27
       Scale mail        |       |    43 |   120 ||   163
       Skin              |       |       |    17 ||    17
Dodge: Dodged            |    43 |   203 |   326 ||   572
Block: Buckler           |       |       |    38 ||    38
